 Dungeon Crawl Stone Soup version 0.30-a0-509-gd016549fea (webtiles) character file.

Game seed: 7946660016385083313

37796 Borgoz the Fighter (level 13, -4/88 HPs)
             Began as a Gargoyle Berserker on Dec 22, 2022.
             Was a High Priest of Trog.
             Killed from afar by a hell knight (31 damage)
             ... with a bolt of fire
             ... in a volcano.
             The game lasted 00:25:04 (12945 turns).

Borgoz the Fighter (Gargoyle Berserker)            Turns: 12945, Time: 00:25:04

Health: -4/88      AC: 35    Str: 21    XL:     13   Next: 99%
Magic:  13/13      EV: 12    Int:  9    God:    Trog [*****.]
Gold:   1313       SH:  0    Dex: 13    Spells: 12/12 levels left

rFire   . . .      SeeInvis .    F - +4 dire flail (vorpal)
rCold   + . .      Faith    .    (shield currently unavailable)
rNeg    + . .      Spirit   .    f - +3 chain mail {rC+}
rPois   ∞          Reflect  .    j - +1 helmet
rElec   +          Harm     .    i - +2 cloak {Will+}
rCorr   .          Rampage  .    E - +1 pair of gloves
Will    +++..                    h - +0 pair of boots
Stlth   ..........               o - amulet of regeneration
HPRegen 2.14/turn                (no ring)
MPRegen 0.13/turn                (no ring)

@: strong-willed, on berserk cooldown, regenerating
A: sickness immunity, AC +9, negative energy resistance 1, electricity
resistance, torment resistance 1, petrification resistance
a: Renounce Religion, Berserk, Trog's Hand, Brothers in Arms


You were in a volcano.
You worshipped Trog.
Trog was extremely pleased with you.
You visited 3 branches of the dungeon, and saw 15 of its levels.
You also visited: Ossuary, Ice Cave and Volcano.

You collected 1313 gold pieces.

Inventory:

Hand Weapons
 a - a +3 morningstar of venom
 b - the +2 hammer of Uskayaw's Whim {vorpal, +Blink rElec}
   (You found it on level 6 of the Dungeon)

   It inflicts extra damage upon your enemies.
   rElec:     It insulates you from electricity.
   +Blink:    It lets you blink.
 F - a +4 vorpal dire flail (weapon)
 K - a +0 eveningstar of freezing
 L - a +4 great mace of freezing
Armour
 f - a +3 chain mail of cold resistance (worn)
 h - a +0 pair of boots (worn)
 i - a +2 cloak of willpower (worn)
 j - a +1 helmet (worn)
 D - +0 steam dragon scales
 E - a +1 pair of gloves (worn)
Jewellery
 o - an amulet of regeneration (around neck)
Wands
 e - a wand of flame (25)
 g - a wand of roots (16)
Scrolls
 k - 4 scrolls of teleportation
 q - a scroll of fog
 t - a scroll of brand weapon
 u - 4 scrolls of blinking
 x - 3 scrolls of enchant armour
 y - a scroll of butterflies
 A - 3 scrolls of magic mapping
 H - 2 scrolls of silence
 I - a scroll of poison
 J - 2 scrolls of enchant weapon
Potions
 c - a potion of curing
 d - a potion of berserk rage {unknown}
 l - 3 potions of flight
 m - 5 potions of might
 n - a potion of resistance
 p - 2 potions of cancellation
 r - 5 potions of ambrosia
 s - 4 potions of haste
 v - 6 potions of heal wounds
 z - 7 potions of attraction
 B - 4 potions of lignification
 C - 3 potions of mutation
 G - 2 potions of invisibility


   Skills:
 + Level 13.5 Fighting
 + Level 12.3 Maces & Flails
 + Level 13.2 Armour
 + Level 10.3 Dodging


You had 12 spell levels left.
You didn't know any spells.
Your spell library was empty.

Dungeon Overview and Level Annotations

Branches:
Dungeon (12/15)            Temple (1/1) D:4            Lair (2/5) D:8
    Orc (0/2) D:12        Ossuary (visited)           IceCv (visited)
Volcano (1/1)
  Swamp: Lair:2-3    Shoals: Lair:2-3     Snake: Lair:2-3    Spider: Lair:2-3

Altars:
Ashenzari
Cheibriados
Dithmenos
Elyvilon
Fedhas
Gozag
Hepliaklqana
Kikubaaqudgha
Makhleb
Okawaru
Qazlal
Ru
Sif Muna
Trog
Uskayaw
Vehumet
Wu Jian
Xom
Yredelemnul
Zin
The Shining One


Innate Abilities, Weirdness & Mutations

You are immune to sickness and miasma.
Your stone body is resilient. (AC +9)
You are immune to poison.
You resist negative energy. (rN+)
You are resistant to electric shocks. (rElec)
You are resistant to unholy torment.
You are immune to petrification.


Message History

You barely miss the hell knight.
The hell knight is moderately wounded.
The hell knight hits you with a +2 halberd of flaming!!
* * * LOW HITPOINT WARNING * * *
The hell knight burns you!
* * * LOW HITPOINT WARNING * * *
You hit the hell knight but do no damage.
The hell knight is moderately wounded.
The hell knight misses you.
Your skin crawls.
You feel strong-willed. The hell knight misses you.
The hell knight closely misses you. The hell knight misses you.
You feel much better. The hell knight misses you.
The hell knight closely misses you. The hell knight closely misses you.
The hell knight hits you from afar with a +2 halberd of flaming!!
* * * LOW HITPOINT WARNING * * *
The hell knight burns you!
* * * LOW HITPOINT WARNING * * *
You feel much better.
The hell knight hits you but does no damage.
The hell knight hits you from afar with a +2 halberd of flaming!
The hell knight burns you.
You close the door.
A hell knight breaks down the door.
The hell knight barely misses you.
The hell knight hits you but does no damage.
The hell knight completely misses you.
The hell knight hits you but does no damage.
There is a broken door here.
You hit the hell knight but do no damage.
The hell knight is lightly wounded.
The hell knight hits you with a +2 halberd of flaming!
The hell knight burns you.
* * * LOW HITPOINT WARNING * * *
Your ogre goes berserk!
You feel yourself speed up.
The hell knight invokes the aid of its god against you.
The bolt of fire hits you!!
You die...

§≈≈.....## #+#
≈≈....### ######.#
≈≈....## ##...##.###
§.....8###...)#..8.#
§........)..∩.).._.#
......8###...)#..8.#
.....### ##...##.###
....## ######.#
.#### #@# ##
#.[$$p)# #.$!O..#
#.)$$..# ###..###
###


You could see a hell knight (fast, ally target) and a friendly ogre (summoned,
berserk).

Vanquished Creatures
  A frost giant (IceCv)
  An ogre mage (Volcano)
  A centaur warrior (D:10)
  5 two-headed ogres
  A tengu warrior (D:10)
  6 death yaks (IceCv)
  A sixfirhy (D:11)
  Pikel (D:8)
  The ghost of jt the Chopper, a novice AtWr of the Shining One (D:6)
  A deep elf pyromancer (D:12)
  A cyclops (D:10)
  An ugly thing (D:12)
  An ice statue (IceCv)
  A rust devil (D:11)
  3 gargoyles
  An orange demon (D:11)
  A cane toad (Lair:1)
  A smoke demon (D:11)
  An unseen horror (D:12)
  Maggie (D:7)
  A kobold demonologist (D:10)
  5 rime drakes (IceCv)
  2 komodo dragons
  2 ice devils (Lair:2)
  2 red devils (D:11)
  A hellwing (D:11)
  5 trolls
  Grinder (D:6)
  4 polar bears (IceCv)
  A hornet (D:9)
  5 slime creatures (D:12)
  2 wraiths
  Sigmund (D:6)
  A shadow (D:10)
  45 yaks
  4 wyverns
  5 basilisks
  7 fire bats (Volcano)
  A steam dragon (D:9)
  A vampire mosquito (D:10)
  2 chaos spawn (D:11)
  3 wargs
  An acid dragon (D:8)
  2 black bears
  2 water moccasins
  A sky beast (D:6)
  9 orc warriors
  2 ogres
  20 wolves
  3 centaurs
  2 phantoms
  5 kobold brigands
  9 bullfrogs
  4 scorpions
  A gnoll sergeant (D:9)
  5 wights (D:9)
  3 howler monkeys (D:10)
  6 lava snakes (Volcano)
  2 crimson imps (D:4)
  2 quasits (D:11)
  2 jellies
  3 orc priests
  3 hounds
  Crazy Yiuf (D:6)
  A gnoll bouda (D:5)
  3 iguanas
  15 orc wizards
  8 mummies (Ossuary)
  Robin (D:4)
  16 gnolls
  5 adders
  A white imp (D:5)
  An ufetubus (D:7)
  A worm (D:3)
  3 dart slugs
  52 orcs
  7 ball pythons
  4 bats
  4 endoplasms
  5 giant cockroaches
  21 goblins
  13 hobgoblins
  2 jackals (D:3)
  2 frilled lizards
  A gnoll zombie (Ossuary)
  3 hobgoblin zombies (Ossuary)
  32 kobolds
  4 orc zombies (Ossuary)
  3 rats
428 creatures vanquished.

Vanquished Creatures (others)
  A wraith (D:11)
  An orc wizard (D:6)
  A demonic plant (D:11)
  A fungus (Lair:1)
  34 plants
38 creatures vanquished.

Grand Total: 466 creatures vanquished

Notes
Turn   | Place    | Note
-------+----------+-------------------------------------------
     0 | D:1      | Borgoz the Gargoyle Berserker began the quest for the Orb.
     0 | D:1      | Reached XP level 1. HP: 14/14 MP: 1/1
   202 | D:1      | Reached XP level 2. HP: 17/19 MP: 2/2
   375 | D:1      | Found a faded altar of an unknown god.
   392 | D:1      | Found a faded altar of an unknown god.
  1121 | D:2      | Reached XP level 3. HP: 12/24 MP: 3/3
  1603 | D:2      | Reached ** piety under Trog
  1997 | D:2      | Reached XP level 4. HP: 22/29 MP: 4/4
  2212 | D:3      | Noticed a phantom
  2230 | D:3      | Killed a phantom
  2231 | D:3      | Reached XP level 5. HP: 20/33 MP: 5/5
  2575 | D:3      | Found a blossoming altar of Fedhas.
  2577 | D:3      | Found a snail-covered altar of Cheibriados.
  2811 | D:4      | Found a staircase to the Ecumenical Temple.
  2853 | Temple   | Entered the Ecumenical Temple
  2990 | D:4      | Reached XP level 6. HP: 34/39 MP: 6/6
  3024 | D:4      | Identified the +8 spear "His Piek" {distort, rElec rF-
                  | Dex+6}
  3263 | D:4      | Found a shimmering altar of Xom.
  3368 | D:4      | Noticed Robin
  3380 | D:4      | Reached *** piety under Trog
  3393 | D:4      | Killed Robin
  3592 | D:4      | Reached skill level 5 in Fighting
  3959 | D:5      | Entered Level 5 of the Dungeon
  3965 | D:5      | Reached XP level 7. HP: 44/44 MP: 7/7
  4027 | D:5      | Identified a scroll of acquirement
  4027 | D:5      | Acquired a +2 cloak of willpower
  4066 | D:5      | Reached skill level 5 in Maces & Flails
  4145 | D:5      | Found a sand-covered staircase.
  4176 | Ossuary  | Entered an ossuary
  4217 | Ossuary  | Reached skill level 5 in Armour
  4441 | D:5      | You fall into a shaft and drop 3 floors!
  4461 | D:8      | Reached XP level 8. HP: 51/51 MP: 8/8
  4667 | D:8      | Noticed Pikel
  4679 | D:8      | Killed Pikel
  4934 | D:6      | Reached XP level 9. HP: 41/57 MP: 9/9
  5157 | D:5      | Reached skill level 5 in Dodging
  5321 | D:6      | Noticed Grinder
  5327 | D:6      | Reached **** piety under Trog
  5345 | D:6      | Killed Grinder
  5669 | D:6      | Noticed Sigmund
  5678 | D:6      | Killed Sigmund
  5703 | D:6      | Found a bloodstained altar of Trog.
  5787 | D:6      | Found a runed translucent door.
  5793 | D:6      | Noticed jt's ghost (novice AtWr)
  5910 | D:6      | Found a runed translucent door.
  5911 | D:6      | Noticed Crazy Yiuf
  5916 | D:6      | Killed Crazy Yiuf
  5922 | D:6      | Identified the +2 hammer of Uskayaw's Whim {vorpal, +Blink
                  | rElec}
  6032 | D:6      | Killed jt's ghost
  6033 | D:6      | Reached XP level 10. HP: 64/64 MP: 10/10
  6340 | D:7      | Noticed Maggie
  6363 | D:7      | Killed Maggie
  6861 | D:8      | Found a transporter.
  6865 | D:8      | Found a transporter.
  6867 | D:8      | Found a transporter.
  6932 | D:8      | Found a transporter.
  6968 | D:8      | Found a staircase to the Lair.
  7000 | D:8      | Reached ***** piety under Trog
  8039 | D:9      | Received a gift from Trog
  8406 | D:9      | Reached XP level 11. HP: 60/72 MP: 11/11
  8605 | D:10     | Entered Level 10 of the Dungeon
  8709 | D:10     | Reached skill level 10 in Fighting
  8747 | D:10     | Noticed a sixfirhy
  8923 | D:10     | Noticed a two-headed ogre
  8929 | D:10     | Killed a two-headed ogre
  9046 | D:10     | Noticed a cyclops
  9068 | D:10     | Killed a cyclops
  9099 | D:10     | Reached skill level 10 in Armour
  9263 | D:10     | Noticed a tengu warrior
  9267 | D:10     | Noticed a centaur warrior
  9277 | D:10     | Killed a tengu warrior
  9283 | D:10     | Killed a centaur warrior
  9538 | D:11     | Reached skill level 10 in Maces & Flails
  9583 | D:11     | Noticed a sixfirhy
  9591 | D:11     | Killed a sixfirhy
  9592 | D:11     | Reached XP level 12. HP: 80/80 MP: 12/12
 10260 | D:12     | Noticed a two-headed ogre
 10267 | D:12     | Killed a two-headed ogre
 10394 | D:12     | Found a staircase to the Orcish Mines.
 10628 | D:12     | Found an iron altar of Okawaru.
 10909 | D:12     | Found the +5 robe of Misfortune {Harm *Corrode *Slow EV+5}
 11181 | Lair:1   | Entered Level 1 of the Lair of Beasts
 11459 | Lair:1   | Reached XP level 13. HP: 66/86 MP: 13/13
 12166 | Lair:2   | Found a frozen archway.
 12199 | IceCv    | Entered an ice cave
 12321 | IceCv    | Received a gift from Trog
 12438 | IceCv    | Noticed a frost giant
 12452 | IceCv    | Killed a frost giant
 12453 | IceCv    | Reached skill level 10 in Dodging
 12476 | IceCv    | HP: 3/88 [yak (8)]
 12693 | Lair:2   | Found a dark tunnel.
 12702 | Volcano  | Entered a volcano
 12896 | Volcano  | Found a bloodstained altar of Trog.
 12945 | Volcano  | Killed from afar by a hell knight

Illustrated notes

Levels and vault maps discovered:
D:1:      roderic_crop_circles_arrival_large, layout_basic,
          hellmonk_ecumenical_altar_the_god_not_taken
D:2:      layout_basic, minivault_27, guppyfry_early_orc_mine
D:3:      layout_rooms, nicolae_overflow_hidden_temple
D:4:      layout_loops_corners, led_xom_imps, minmay_temple_entry_slanted,
          uniq_robin
D:5:      layout_basic, nicolae_ossuary_entry_ruins
D:6:      corexii_shack_village, layout_basic, mainiacjoe_overflow_chevrons,
          ebering_ghost_sewer_d, grunt_ministairs_3, minmay_misc_feat_doors,
          uniq_sigmund, uniq_grinder, uniq_crazy_yiuf_cottage
D:7:      layout_gridville, uniq_maggie
D:8:      layout_loops_ring, erik_lair_orcish_takeover, serial_rivers,
          chequers_serial_rivers_micro_a, chequers_serial_rivers_small_a,
          chequers_serial_rivers_room_b, chequers_serial_rivers_small_3,
          chequers_serial_rivers_marsh, chequers_serial_rivers_large_b,
          minivault_23, nicolae_transporter_circle, uniq_pikel
D:9:      layout_loops_ring
D:10:     kennysheep_windowed_halls, layout_long_grid
D:11:     layout_long_grid, serial_demonic, serial_demonic_a, serial_demonic_d,
          serial_demonic_b, serial_demonic_a, serial_demonic_g
D:12:     layout_irregular_city, erik_orc_3,
          hellmonk_okawaru_the_only_friend_you_need
Temple:   lightli_temple_of_artemis
Lair:1:   layout_gridlike
Lair:2:   layout_misc_corridors, portal_ice_cave_demonic_guard,
          nicolae_volcano_entry_vermiform, hibernation_bobbens, uniq_gastronok
Volcano:  volcano_grotto [vgs_original]

Skill      XL: |  1  2  3  4  5  6  7  8  9 10 11 12 13 |
---------------+----------------------------------------+-----
Dodging        | 2 3 4 5 7 8 9 10 | 10.3
Armour         | 3 4 5 6 7 9 10 11 13 | 13.2
Fighting       | 4 5 7 8 9 11 12 13 | 13.5
Maces & Flails | 4 5 6 7 8 10 11 12 | 12.3

Action                   |  1- 3 |  4- 6 |  7- 9 | 10-12 | 13-15 || total
-------------------------+-------+-------+-------+-------+-------++-------
Melee: Mace              |    86 |       |    30 |   264 |       ||   380
       Flail             |    25 |    88 |       |       |       ||   113
       Punch             |       |     3 |     3 |     4 |       ||    10
       Morningstar       |       |   148 |   279 |       |       ||   427
       Dire flail        |       |       |       |   516 |   374 ||   890
Invok: Berserk           |     2 |     3 |     4 |    10 |     3 ||    22
       Trog's Hand       |       |     2 |     1 |       |     3 ||     6
       Brothers in Arms  |       |       |       |       |     1 ||     1
  Use: Scroll            |       |     9 |    18 |     5 |     4 ||    36
       Potion            |       |       |       |       |     4 ||     4
Armor: Animal skin       |    30 |       |       |       |       ||    30
       Scale mail        |    18 |    78 |       |       |       ||    96
       Chain mail        |       |   116 |   265 |   585 |   307 ||  1273
Dodge: Dodged            |    59 |   140 |   206 |   389 |   264 ||  1058

Table legend: (Time is in decaauts)
 A = Elapsed time spent in this place.
 B = Non-inter-level travel time spent in this place.
 C = Inter-level travel time spent in this place.
 D = Time resting spent in this place.
 E = Time spent auto-exploring this place.
 F = Levels seen in this place.
 G = Mean time per level.
                   A        B        C        D        E       F      G
               +--------+--------+--------+--------+--------+-----+--------+
         Total |  13099 |  12358 |    741 |    656 |   8142 |  18 |  727.7 |
       Dungeon |  11055 |  10438 |    617 |    505 |   7306 |  12 |  921.2 |
        Temple |    107 |     89 |     18 |      0 |     84 |   1 |  107.0 |
          Lair |   1048 |    943 |    105 |     34 |    635 |   2 |  524.0 |
       Ossuary |    269 |    269 |      0 |     59 |    102 |   1 |  269.0 |
      Ice Cave |    390 |    390 |      0 |      0 |      0 |   1 |  390.0 |
       Volcano |    229 |    229 |      0 |     57 |     14 |   1 |  229.0 |
               +--------+--------+--------+--------+--------+-----+--------+

Top non-repeatable levels by time:
     D:8: 1370 daAuts
     D:4: 1206 daAuts
     D:2: 1057 daAuts
     D:1: 1022 daAuts
    D:10: 942 daAuts
     D:6: 936 daAuts
  Lair:1: 889 daAuts
     D:7: 831 daAuts
     D:9: 819 daAuts
    D:12: 816 daAuts
    D:11: 768 daAuts
     D:3: 686 daAuts
     D:5: 598 daAuts
   IceCv: 390 daAuts
 Ossuary: 269 daAuts
